 Dungeon Crawl Stone Soup version 0.17-a0-1769-g54adf96 (webtiles) character file.

62 TruthSerum the Cudgeler (level 4, -1/49 HPs)
             Began as an Ogre Gladiator on Sept 8, 2015.
             Was an Initiate of Qazlal.
             Slain by a hobgoblin (3 damage)
             ... on level 3 of the Dungeon.
             The game lasted 00:04:26 (1685 turns).

TruthSerum the Cudgeler (Ogre Gladiator)            Turns: 1685, Time: 00:04:29

Health: -1/49      AC:  3    Str: 17 (20) XL:     4   Next: 8%
Magic:  4/4        EV: 10    Int:  7      God:    Qazlal [......]
Gold:   82         SH:  0    Dex: 11      Spells: 0 memorised, 3 levels left

rFire  + . .     SeeInvis .     a - +0 flail
rCold  + . .     Clarity  .     b - +0 robe
rNeg   . . .     SustAt   .     (no shield)
rPois  +         Gourm    .     c - +0 hat
rElec  +         Spirit   .     (no cloak)
rCorr  +         Warding  .     (gloves unavailable)
rMut   .         Stasis   .     (boots unavailable)
MR     .....                    (no amulet)
Stlth  +.........               (no ring)
                                (no ring)

@: lethally poisoned (-1 -> -10), resistant, not resistant to hostile
enchantments, very unstealthy
A: unfitting armour, tough skin 1
a: Renounce Religion


You were on level 3 of the Dungeon.
You worshipped Qazlal.
Qazlal was noncommittal.
You were hungry.

You visited 1 branch of the dungeon, and saw 3 of its levels.

You collected 82 gold pieces.

Inventory:

Hand weapons
 a - a +0 flail (weapon)
Missiles
 d - 3 throwing nets (quivered)
Armour
 b - a +0 robe (worn)
 c - a +0 hat (worn)
Scrolls
 i - 2 scrolls of enchant armour {unknown}
 m - a scroll of recharging {unknown}
 n - 3 scrolls of identify {unknown}
 o - a scroll of blinking {unknown}
Comestibles
 e - 4 bread rations
 f - 2 meat rations
 k - a beef jerky
 l - 6 chunks of flesh


   Skills:
 + Level 4.5 Fighting
 + Level 5.2 Maces & Flails
 - Level 2.1 Throwing
 - Level 2.6 Dodging


You had 3 spell levels left.
You didn't know any spells.

Dungeon Overview and Level Annotations

Branches:
Dungeon (3/15)

Altars:
Qazlal
Xom
The Shining One


Innate Abilities, Weirdness & Mutations

You are too large for most types of armour.
You have tough skin (AC +1).


Message History

* * * LOW HITPOINT WARNING * * *
You are too injured to fight recklessly!
It was a potion of degeneration.
There was something very wrong with that liquid.
You feel weakened.
You feel sick.
The jackal bites you but does no damage.
The adder bites you.
* * * LOW HITPOINT WARNING * * *
You are more poisoned.
The adder poisons you! The shadow imp completely misses you.
The hobgoblin barely misses you.
The jackal bites you but does no damage.
It was a potion of resistance.
You feel protected.
* * * LOW HITPOINT WARNING * * *
You feel sick. The adder bites you.
* * * LOW HITPOINT WARNING * * *
The shadow imp closely misses you. The hobgoblin hits you.
You die...

....#8.8#......#
....##.##......#
...............#
..............## ####
.............#######..##
.......................##
...........#.....##..<..#
.........(...(......h....#
............@S.........r..#
##.........g5h............#
##.......$.%..........(..#
#..#.[.............(....#
#.#_#.##................#
#..#.. )......(......K..#
......##......... #....
##......#.


You could see an adder, a shadow imp, a jackal and a hobgoblin.

Vanquished Creatures
  An adder (D:2)
  An ooze (D:2)
  A giant gecko (D:1)
  An orc (D:3)
  A ball python (D:3)
  3 bats (D:1)
  2 giant cockroaches (D:1)
  9 goblins
  6 hobgoblins
  4 jackals
  5 kobolds
  2 giant newts
  A quokka (D:2)
  5 rats
42 creatures vanquished.

Notes
Turn   | Place    | Note
--------------------------------------------------------------
     0 | D:1      | TruthSerum the Ogre Gladiator began the quest for the Orb.
     0 | D:1      | Reached XP level 1. HP: 22/22 MP: 1/1
    95 | D:1      | Reached XP level 2. HP: 10/31 MP: 2/2
   510 | D:1      | Reached XP level 3. HP: 36/39 MP: 3/3
  1046 | D:2      | Reached skill level 5 in Maces & Flails
  1111 | D:2      | Found a shimmering altar of Xom.
  1240 | D:2      | Found a stormy altar of Qazlal.
  1245 | D:2      | Became a worshipper of Qazlal Stormbringer
  1627 | D:3      | Found a glowing golden altar of the Shining One.
  1637 | D:3      | Reached XP level 4. HP: 40/49 MP: 4/4
  1666 | D:3      | Found a faded altar to an unknown god.
  1685 | D:3      | HP: 2/49 [adder (2)]
  1685 | D:3      | Slain by a hobgoblin

Vault maps used:
D:1:      minmay_arrival_arboretum_small
D:2:      overflow_temple_1_default, lemuel_crystal_altar
D:3:      nicolae_gozag_cash_rules_everything_around_me, lemuel_doored_altar,
          first_bread, ecumenical_altar_1, st_stairs_8,
          small_statue_intersection, supply_closet_lemuel, tso_metal_star

Action                   |  1- 3 |  4- 6 || total
-------------------------+-------+-------++-------
Melee: Flail             |   114 |    12 ||   126
  Use: Scroll            |     2 |       ||     2
       Potion            |       |     2 ||     2
  Eat: Chunk             |     2 |       ||     2
